 Dungeon Crawl Stone Soup version 0.27.0-1-g7a089689b8 (webtiles) character file.

Game seed: 737711875529339192

3 Malachi the Skirmisher (level 1, 0/19 HPs)
             Began as a Palentonga Fighter on Aug 15, 2021.
             Succumbed to a kobold's poison
             ... on level 1 of the Dungeon.
             The game lasted 00:00:08 (71 turns).

Malachi the Skirmisher (Palentonga Fighter)           Turns: 71, Time: 00:00:09

Health: 0/19       AC:  6    Str: 19    XL:     1   Next: 41%
Magic:  1/1        EV:  5    Int:  8    God:
Gold:   8          SH:  8    Dex:  9    Spells: 0/0 levels left

rFire    . . .     SeeInvis +   a - +0 war axe
rCold    . . .     Faith    .   c - +0 kite shield
rNeg     . . .     Spirit   .   b - +0 scale mail
rPois    .         Reflect  .   (no helmet)
rElec    .         Harm     .   (no cloak)
rCorr    .         Rampage  .   (no gloves)
Will     .....                  (no barding)
Stlth    ..........             (no amulet)
HPRegen  0.06/turn              (no ring)
MPRegen  0.07/turn              (no ring)

@: lethally poisoned (0 -> -1)
A: large, rugged brown scales 3, see invisible, deformed body, roll 1, armoured
tail
a: Rolling Charge


You were on level 1 of the Dungeon.
You visited 1 branch of the dungeon, and saw 1 of its levels.

You collected 8 gold pieces.

Inventory:

Hand Weapons
 a - a +0 war axe (weapon)
Armour
 b - a +0 scale mail (worn)
 c - a +0 kite shield (worn)
Potions
 d - a potion of might


   Skills:
 + Level 3.0 Fighting
 + Level 2.0 Axes
 + Level 2.5 Armour
 + Level 2.4 Shields


You couldn't memorise any spells.
You didn't know any spells.
Your spell library was empty.

Dungeon Overview and Level Annotations

Branches:
Dungeon (1/15)

Altars:


Innate Abilities, Weirdness & Mutations

You are completely covered in rugged brown scales. (AC +3, +7% HP)
You have supernaturally acute eyesight. (SInv)
Armour fits poorly on your strangely shaped body.
You can roll at nearby foes to attack.
You have a long armoured tail.


Message History

The kobold hits you but does no damage.
You are more poisoned.
The giant cockroach bites you. You block the kobold's attack.
The giant cockroach barely misses you.
You barely miss the giant cockroach.
The giant cockroach is moderately wounded.
You slash the kobold!
You kill the kobold!
You barely miss the giant cockroach.
You feel very sick. The giant cockroach bites you.
The giant cockroach bites you but does no damage. x2
You are too injured to fight recklessly!
You are too injured to fight recklessly!
You are too injured to fight recklessly!
You are too injured to fight recklessly!
Unknown command.
You are too injured to fight recklessly!
You slash the giant cockroach!
You kill the giant cockroach!
You closely miss the giant cockroach.
You feel very sick. You block the giant cockroach's attack.
The giant cockroach barely misses you.
* * * LOW HITPOINT WARNING * * *
You feel sick.
The giant cockroach bites you but does no damage.
The giant cockroach waves its antennae.
The giant cockroach bites you but does no damage.
You barely miss the giant cockroach.
* * * LOW HITPOINT WARNING * * *
You feel sick.
You block the giant cockroach's attack. x2
You slash the giant cockroach!
You kill the giant cockroach!
* * * LOW HITPOINT WARNING * * *
You feel sick.
Okay, then.
There is a lethal amount of poison in your body!
There is a lethal amount of poison in your body!
There is a lethal amount of poison in your body!
You die...

...> ... ≈≈## ....####..
.≈≈... .......... ≈≈≈≈...
..$.......#.≈≈.≈...
..........≈..≈≈.≈..
........##..≈≈≈.≈.. ...
#.......)....≈≈≈..# ..
##........@.≈.≈≈..≈## #.#
.+............≈≈....+
##.###.#............≈≈..≈#
.......#..........≈.≈≈...#
......##...........≈≈....#
..................≈.≈≈...#
...................≈≈≈≈≈≈#
#...##........###...≈≈...#
....##........# ##..≈≈.#.#


There were no monsters in sight!

Vanquished Creatures
  2 giant cockroaches (D:1)
  A kobold (D:1)
3 creatures vanquished.

Notes
Turn   | Place    | Note
-------+----------+-------------------------------------------
     0 | D:1      | Malachi the Palentonga Fighter began the quest for the Orb.
     0 | D:1      | Reached XP level 1. HP: 19/19 MP: 1/1
    71 | D:1      | Succumbed to a kobold's poison

Illustrated notes

Levels and vault maps discovered:
D:1:      noname_arrival_rooms_in_the_neighbourhood, layout_basic,
          chequers_serial_rivers_small_3, minmay_misc_feat_enclosed,
          chequers_serial_rivers_small_3

Action                   || total
-------------------------++-------
Melee: War axe           ||     6
Armor: Scale mail        ||     6
Dodge: Dodged            ||     2
Block: Kite shield       ||     5
